[Event "Lidkoping Open 2019"]
[Site "Lidkoping"]
[Date "2019.08.25"]
[Round "5.14"]
[White "Johnson, Daniel"]
[Black "Wiklund, Robert"]
[Result "1-0"]
[ECO "D35"]
[WhiteElo "2201"]
[BlackElo "1785"]
[Annotator "ChessBase"]
[PlyCount "59"]
[EventDate "2019.08.19"]
[EventType "swiss"]
[EventCountry "SWE"]
[SourceTitle "playchess.com"]
[Source "ChessBase"]
[SourceQuality "1"]
[TimeControl "2700+10"]

1. d4 d5 2. c4 e6 3. Nc3 Nf6 4. cxd5 exd5 5. Bg5 Be7 6. e3 O-O 7. Qc2 Be6 8. Bd3 Nbd7 9. Nge2 c5 10. O-O h6 11. Bh4 Rc8 12. Rad1 cxd4 13. Nxd4 Ne5 14. Bf5 Qd7 15. Qb1 Ne4 16. Nxe4 Bxh4 17. Nc3 a6 18. Nxe6 fxe6 19. Rxd5 Qf7 20. Bh7+ Kh8 21. Rxe5 Bxf2+ 22. Kh1 Qd7 23. Bc2 Qd6 24. Re4 Qc5 25. Qd1 Bxe3 26. Rxf8+ Rxf8 27. Qd3 Bc1 28. Re5 Rf1+ 29. Qxf1 Qxe5 30. Qf8# 1-0

[Event "Lidkoping Open 2019"]
[Site "Lidkoping"]
[Date "2019.08.25"]
[Round "5.15"]
[White "Kjellqvist, Fredrik"]
[Black "Johansson, Stefan"]
[Result "0-1"]
[ECO "A04"]
[WhiteElo "1778"]
[BlackElo "2016"]
[Annotator "NA"]
[PlyCount "58"]
[EventDate "2019.08.19"]
[EventType "swiss"]
[EventCountry "SWE"]
[SourceTitle "playchess.com"]
[Source "ChessBase"]
[SourceQuality "1"]
[TimeControl "2700+10"]

1. Nf3 f5 2. e4 d6 3. Bc4 fxe4 4. Ng5 d5 5. Bb3 Bf5 6. f3 e6 7. d3 exd3 8. g4 Be7 9. h4 dxc2 10. Bxc2 Bxc2 11. Qxc2 Qd6 12. Be3 Bxg5 13. hxg5 Qg3+ 14. Bf2 Qe5+ 15. Kf1 Nc6 16. Nc3 O-O-O 17. Kg2 Nge7 18. Rae1 Qd6 19. Rxh7 g6 20. Bg3 e5 21. Rxh8 Rxh8 22. a3 a6 23. b4 Rf8 24. b5 axb5 25. Nxb5 Qe6 26. a4 d4 27. Rc1 Nd5 28. Bf2 Qf7 29. Qe2 Nf4+ 0-1

[Event "Lidkoping Open 2019"]
[Site "Lidkoping"]
[Date "2019.08.25"]
[Round "5.16"]
[White "Andersen, Dag"]
[Black "Svensson, Leif"]
[Result "1-0"]
[ECO "D45"]
[WhiteElo "1873"]
[BlackElo "2027"]
[Annotator "NA"]
[PlyCount "57"]
[EventDate "2019.08.19"]
[EventType "swiss"]
[EventCountry "SWE"]
[SourceTitle "playchess.com"]
[Source "ChessBase"]
[SourceQuality "1"]
[TimeControl "2700+10"]

1. Nf3 d5 2. c4 e6 3. e3 Nf6 4. b3 Bd6 5. Bb2 Nbd7 6. Nc3 c6 7. Qc2 O-O 8. d4 Re8 9. Be2 b6 10. O-O Bb7 11. Rad1 Qc7 12. h3 Rad8 13. Qb1 a6 14. Rc1 Qb8 15. Rfd1 c5 16. cxd5 exd5 17. dxc5 bxc5 18. Qf5 Qa8 19. Na4 Bf8 20. Bxf6 Nxf6 21. Nxc5 Bxc5 22. Rxc5 d4 23. Nxd4 Ne4 24. Rc7 Nd6 25. Qg4 Re4 26. Qg3 Nb5 27. Nxb5 Rxd1+ 28. Bxd1 axb5 29. Bf3 1-0

[Event "Lidkoping Open 2019"]
[Site "Lidkoping"]
[Date "2019.08.25"]
[Round "5.17"]
[White "Wiman, Kenneth"]
[Black "Nordlund, Keith"]
[Result "1/2-1/2"]
[ECO "A45"]
[WhiteElo "1868"]
[BlackElo "2013"]
[Annotator "NA"]
[PlyCount "87"]
[EventDate "2019.08.19"]
[EventType "swiss"]
[EventCountry "SWE"]
[SourceTitle "playchess.com"]
[Source "ChessBase"]
[SourceQuality "1"]
[TimeControl "2700+10"]

1. d4 Nf6 2. Bg5 Ne4 3. Bf4 d5 4. f3 Nf6 5. Nc3 Bf5 6. e3 c6 7. g4 Bg6 8. Qd2 e6 9. a3 Bd6 10. Nge2 h6 11. O-O-O Bh7 12. Bxd6 Qxd6 13. Nf4 Nbd7 14. Nd3 O-O-O 15. Be2 e5 16. dxe5 Nxe5 17. Nxe5 Qxe5 18. Qd4 Rhe8 19. Qxa7 Qxe3+ 20. Qxe3 Rxe3 21. Rd2 Rde8 22. Bd1 Nd7 23. Re2 d4 24. Rxe3 Rxe3 25. Ne2 Rxf3 26. Nxd4 Rf2 27. h4 Nb6 28. g5 Nd5 29. gxh6 gxh6 30. Re1 Rf4 31. Nf3 Be4 32. Ne5 Kc7 33. h5 f5 34. Nf7 Rh4 35. Nxh6 Nf6 36. Nf7 Nxh5 37. Ng5 Nf6 38. Bf3 Bxf3 39. Nxf3 Rh3 40. Rf1 Ne4 41. b3 Ng3 42. Rf2 Ne4 43. Rf1 Ng3 44. Rf2 1/2-1/2

[Event "Lidkoping Open 2019"]
[Site "Lidkoping"]
[Date "2019.08.25"]
[Round "5.18"]
[White "Johansson, Eva"]
[Black "Bengtsson, Siv"]
[Result "0-1"]
[ECO "D77"]
[WhiteElo "1869"]
[BlackElo "2074"]
[Annotator "NA"]
[PlyCount "83"]
[EventDate "2019.08.19"]
[EventType "swiss"]
[EventCountry "SWE"]
[SourceTitle "playchess.com"]
[Source "ChessBase"]
[SourceQuality "1"]
[TimeControl "2700+10"]

1. d4 Nf6 2. c4 g6 3. Nf3 Bg7 4. g3 O-O 5. Bg2 d5 6. O-O dxc4 7. Na3 c3 8. bxc3 c5 9. Nc2 Qa5 10. Bd2 Ne4 11. Qe1 Nxd2 12. Qxd2 Nc6 13. e3 Rd8 14. Rfd1 Bf5 15. Nh4 Bxc2 16. Qxc2 Rac8 17. Qb3 b6 18. Rac1 c4 19. Qc2 e6 20. Nf3 Ne7 21. Nd2 b5 22. Ne4 Qb6 23. Qe2 e5 24. h4 exd4 25. exd4 Nd5 26. Nd2 Qa5 27. Ne4 Re8 28. Qc2 Rcd8 29. Nc5 Re7 30. Ne4 Qc7 31. Rb1 a6 32. Nc5 Qd6 33. Re1 Rxe1+ 34. Rxe1 Rb8 35. Bxd5 Qxd5 36. Nxa6 Rd8 37. Nc5 b4 38. cxb4 Bxd4 39. Rc1 c3 40. Ne4 Rc8 41. Rd1 Qe5 42. Kg2 0-1

[Event "Lidkoping Open 2019"]
[Site "Lidkoping"]
[Date "2019.08.25"]
[Round "5.19"]
[White "Nordstrom, Per-Olov"]
[Black "Andersson, Kjell-Ake"]
[Result "0-1"]
[ECO "C00"]
[WhiteElo "1899"]
[BlackElo "1922"]
[Annotator "NA"]
[PlyCount "68"]
[EventDate "2019.08.19"]
[EventType "swiss"]
[EventCountry "SWE"]
[SourceTitle "playchess.com"]
[Source "ChessBase"]
[SourceQuality "1"]
[TimeControl "2700+10"]

1. e4 e6 2. d3 d5 3. Nd2 c5 4. Ngf3 Nc6 5. g3 Nf6 6. Bg2 Be7 7. O-O O-O 8. e5 Ne8 9. Re1 b5 10. Nf1 Bd7 11. h4 a5 12. N1h2 b4 13. h5 a4 14. a3 Nc7 15. h6 g6 16. g4 Nb5 17. g5 Ncd4 18. Qd2 b3 19. Nxd4 Nxd4 20. c4 Nc2 21. cxd5 exd5 22. Bxd5 Nxa1 23. e6 fxe6 24. Qc3 Rf7 25. Bxa8 Qxa8 26. Ng4 Qf3 27. Ne5 Qxf2+ 28. Kh1 Nc2 29. Bd2 Nxe1 30. Bxe1 Qf1+ 31. Kh2 Bd6 32. Bg3 Bxe5 33. Qxe5 Bc6 34. Qb8+ Rf8 0-1

[Event "Lidkoping Open 2019"]
[Site "Lidkoping"]
[Date "2019.08.25"]
[Round "5.20"]
[White "Frisk, Anders"]
[Black "Arvidsson, Jonas"]
[Result "1/2-1/2"]
[ECO "A28"]
[WhiteElo "1776"]
[BlackElo "1993"]
[Annotator "NA"]
[PlyCount "81"]
[EventDate "2019.08.19"]
[EventType "swiss"]
[EventCountry "SWE"]
[SourceTitle "playchess.com"]
[Source "ChessBase"]
[SourceQuality "1"]
[TimeControl "2700+10"]

1. c4 e5 2. Nc3 Nf6 3. Nf3 Nc6 4. d4 exd4 5. Nxd4 Bc5 6. Nxc6 bxc6 7. g3 O-O 8. Bg2 Bb7 9. O-O Qe7 10. e3 Rfd8 11. Qc2 d5 12. Na4 Ba6 13. b3 Bd6 14. Rd1 Be5 15. Rb1 dxc4 16. Rxd8+ Rxd8 17. bxc4 Qe6 18. Nb2 Bxb2 19. Bxb2 Bxc4 20. Bxf6 gxf6 21. Rc1 Bxa2 22. Bxc6 Qb3 23. Be4 Qxc2 24. Rxc2 Rd1+ 25. Kg2 Bd5 26. Bxd5 Rxd5 27. Rxc7 Ra5 28. h4 Ra2 29. g4 a5 30. Kg3 a4 31. f3 a3 32. Kf4 Kg7 33. Ra7 Ra1 34. Kf5 a2 35. f4 h6 36. h5 Re1 37. Rxa2 Rxe3 38. Ra6 Rb3 39. Ra5 Rb4 40. Rc5 Ra4 41. Rb5 1/2-1/2

[Event "Lidkoping Open 2019"]
[Site "Lidkoping"]
[Date "2019.08.25"]
[Round "5.21"]
[White "Isacsson, Jorgen"]
[Black "Beslagic, Smail"]
[Result "1/2-1/2"]
[ECO "D02"]
[WhiteElo "1731"]
[BlackElo "1853"]
[Annotator "NA"]
[PlyCount "30"]
[EventDate "2019.08.19"]
[EventType "swiss"]
[EventCountry "SWE"]
[SourceTitle "playchess.com"]
[Source "ChessBase"]
[SourceQuality "1"]
[TimeControl "2700+10"]

1. Nf3 d5 2. d4 Nf6 3. Bf4 e6 4. e3 c5 5. Nbd2 Nc6 6. Ne5 Qb6 7. Nxc6 bxc6 8. Rb1 cxd4 9. exd4 Qxd4 10. Be3 Qb4 11. a3 Qb8 12. c4 Be7 13. Bd3 h6 14. f4 Bd7 15. O-O O-O 1/2-1/2

[Event "Lidkoping Open 2019"]
[Site "Lidkoping"]
[Date "2019.08.25"]
[Round "5.22"]
[White "Nyberg, Arne"]
[Black "Lunde, Sigmund"]
[Result "1-0"]
[ECO "C14"]
[WhiteElo "1967"]
[BlackElo "1806"]
[Annotator "NA"]
[PlyCount "55"]
[EventDate "2019.08.19"]
[EventType "swiss"]
[EventCountry "SWE"]
[SourceTitle "playchess.com"]
[Source "ChessBase"]
[SourceQuality "1"]
[TimeControl "2700+10"]

1. e4 e6 2. d4 d5 3. Nc3 Nf6 4. Bg5 Be7 5. e5 Nfd7 6. Bxe7 Qxe7 7. f4 c5 8. Nb5 Qd8 9. Nd6+ Ke7 10. Qh5 g6 11. Qh4+ f6 12. Qh6 Qa5+ 13. c3 Rf8 14. Qxh7+ Kd8 15. Nf3 Nc6 16. Bb5 a6 17. Bxc6 bxc6 18. O-O Kc7 19. Qxg6 Rb8 20. Qc2 Qb6 21. b3 Qa5 22. Kh1 Rb6 23. c4 Rh8 24. cxd5 fxe5 25. Nc4 Qb4 26. Nxb6 Qxb6 27. dxe6 Nb8 28. Qxc5 1-0

[Event "Lidkoping Open 2019"]
[Site "Lidkoping"]
[Date "2019.08.25"]
[Round "6.1"]
[White "Blomqvist, Erik"]
[Black "Ernst, Thomas"]
[Result "0-1"]
[ECO "C77"]
[WhiteElo "2507"]
[BlackElo "2329"]
[Annotator "ChessBase"]
[PlyCount "116"]
[EventDate "2019.08.19"]
[EventType "swiss"]
[EventCountry "SWE"]
[SourceTitle "playchess.com"]
[Source "ChessBase"]
[SourceQuality "1"]
[TimeControl "2700+10"]

1. e4 e5 2. Nf3 Nc6 3. Bb5 a6 4. Ba4 Nf6 5. d3 Bc5 6. c3 b5 7. Bc2 d5 8. Qe2 dxe4 9. dxe4 Be6 10. Nbd2 Bd6 11. O-O O-O 12. a4 b4 13. a5 Bc8 14. Nc4 Qe7 15. h3 Nd7 16. Be3 Nc5 17. Nxd6 cxd6 18. Nd2 Rb8 19. Nc4 Rb5 20. Rfd1 Rd8 21. Rd5 b3 22. Bxc5 dxc5 23. Bd3 Be6 24. Rxd8+ Qxd8 25. Nxe5 Rxa5 26. Rxa5 Nxa5 27. Bxa6 Qg5 28. Ng4 Qc1+ 29. Kh2 Qf4+ 30. g3 Qc7 31. Ne3 c4 32. Qh5 Qb6 33. Qb5 Qxb5 34. Bxb5 Kf8 35. f4 f6 36. g4 Ke7 37. Kg3 Kd6 38. Kf3 Kc5 39. Be8 Nb7 40. e5 fxe5 41. fxe5 Nd8 42. Ke4 Bc8 43. Nf5 Ne6 44. Nd6 Ng5+ 45. Ke3 Be6 46. h4 Nh3 47. Bf7 Bxf7 48. Nxf7 Kd5 49. Nd6 g5 50. Nxc4 Kxc4 51. e6 Nf4 52. e7 Nd5+ 53. Ke4 Nxe7 54. hxg5 Nd5 55. Ke5 Nxc3 56. Kf6 Ne4+ 57. Kg7 Nxg5 58. Kh6 Nf3 0-1

[Event "Lidkoping Open 2019"]
[Site "Lidkoping"]
[Date "2019.08.25"]
[Round "6.2"]
[White "Nordlund, Jim"]
[Black "Bellon Lopez, Juan Manuel"]
[Result "0-1"]
[ECO "B21"]
[WhiteElo "2130"]
[BlackElo "2335"]
[Annotator "ChessBase"]
[PlyCount "86"]
[EventDate "2019.08.19"]
[EventType "swiss"]
[EventCountry "SWE"]
[SourceTitle "playchess.com"]
[Source "ChessBase"]
[SourceQuality "1"]
[TimeControl "2700+10"]

1. e4 c5 2. d3 g6 3. Be2 Bg7 4. f4 Nc6 5. Nf3 d6 6. O-O e6 7. c3 Nge7 8. Be3 O-O 9. d4 cxd4 10. cxd4 d5 11. e5 f6 12. Na3 Nf5 13. Bf2 fxe5 14. fxe5 Qb6 15. b3 Bd7 16. g4 Nfe7 17. Qd2 Qb4 18. Qb2 Bh6 19. Kg2 Bf4 20. Nb5 Nc8 21. Be1 Qe7 22. h4 a6 23. Nc3 b5 24. Bg3 Be3 25. Nd1 Rxf3 26. Bxf3 Bxd4 27. Qc1 Bxa1 28. Qxa1 Qg7 29. Nf2 h6 30. Nd3 Nb6 31. Qb2 Rf8 32. Qf2 d4 33. Qe2 Ne7 34. Rc1 Nbd5 35. Kh3 Nc3 36. Qf2 Ned5 37. Qxd4 Rxf3 38. Rxc3 Nxc3 39. Qxc3 Qf7 40. Qd4 g5 41. h5 Bc6 42. Nf2 Bd5 43. Ne4 Qf4 0-1

[Event "Lidkoping Open 2019"]
[Site "Lidkoping"]
[Date "2019.08.25"]
[Round "6.3"]
[White "Svensson, Bengt"]
[Black "Ronneland, Daniel"]
[Result "1-0"]
[ECO "B33"]
[WhiteElo "2310"]
[BlackElo "2137"]
[Annotator "ChessBase"]
[PlyCount "65"]
[EventDate "2019.08.19"]
[EventType "swiss"]
[EventCountry "SWE"]
[SourceTitle "playchess.com"]
[Source "ChessBase"]
[SourceQuality "1"]
[TimeControl "2700+10"]

1. e4 c5 2. Nf3 Nc6 3. d4 cxd4 4. Nxd4 Nf6 5. Nc3 e5 6. Ndb5 d6 7. Bg5 a6 8. Na3 b5 9. Bxf6 gxf6 10. Nd5 Bg7 11. c3 f5 12. Bd3 Be6 13. Qh5 Rb8 14. Nc2 f4 15. g3 Bxd5 16. exd5 Ne7 17. Be4 Ng6 18. Nb4 Qb6 19. Nc6 Rb7 20. b4 O-O 21. O-O f5 22. Bxf5 Rf6 23. g4 f3 24. Qh3 e4 25. Bxe4 Rf4 26. Bxg6 hxg6 27. Rae1 Bxc3 28. Re8+ Kf7 29. Re6 Bg7 30. Rfe1 Rf6 31. Rxf6+ Bxf6 32. Qh7+ Bg7 33. Re6 1-0

[Event "Lidkoping Open 2019"]
[Site "Lidkoping"]
[Date "2019.08.25"]
[Round "6.4"]
[White "Nygren, Kim"]
[Black "Mattsson, Michael"]
[Result "1-0"]
[ECO "C88"]
[WhiteElo "2171"]
[BlackElo "2011"]
[Annotator "ChessBase"]
[PlyCount "71"]
[EventDate "2019.08.19"]
[EventType "swiss"]
[EventCountry "SWE"]
[SourceTitle "playchess.com"]
[Source "ChessBase"]
[SourceQuality "1"]
[TimeControl "2700+10"]

1. e4 e5 2. Nf3 Nc6 3. Bb5 a6 4. Ba4 Nf6 5. O-O b5 6. Bb3 Be7 7. Re1 O-O 8. a4 b4 9. d3 d6 10. h3 Na5 11. Nbd2 Nxb3 12. Nxb3 c5 13. Nh2 Be6 14. f4 Bxb3 15. cxb3 Kh8 16. Qf3 Nd7 17. f5 Bg5 18. Be3 Bxe3+ 19. Rxe3 f6 20. Kh1 Nb8 21. g4 Nc6 22. Rg1 Qe7 23. Qf2 g5 24. fxg6 hxg6 25. h4 Ra7 26. Rh3 Qe6 27. Qe3 Rh7 28. g5 f5 29. exf5 gxf5 30. g6 f4 31. Qf3 Nd4 32. Qg2 Rg7 33. h5 Rfg8 34. Qg5 Rh7 35. h6 Qxh3 36. g7+ 1-0

[Event "Lidkoping Open 2019"]
[Site "Lidkoping"]
[Date "2019.08.25"]
[Round "6.5"]
[White "Nordstrom, Felix"]
[Black "Andersson, Fredrik"]
[Result "0-1"]
[ECO "E93"]
[WhiteElo "2060"]
[BlackElo "2264"]
[Annotator "ChessBase"]
[PlyCount "80"]
[EventDate "2019.08.19"]
[EventType "swiss"]
[EventCountry "SWE"]
[SourceTitle "playchess.com"]
[Source "ChessBase"]
[SourceQuality "1"]
[TimeControl "2700+10"]

1. d4 Nf6 2. c4 g6 3. Nc3 Bg7 4. e4 d6 5. Nf3 O-O 6. Be2 e5 7. Be3 Ng4 8. Bg5 f6 9. Bh4 g5 10. Bg3 Nh6 11. d5 Nd7 12. Nd2 f5 13. f3 Nf6 14. exf5 Nxf5 15. Bf2 Nd4 16. Nde4 Nxe4 17. Nxe4 Bf5 18. Bd3 Qe8 19. Ng3 Bg6 20. O-O h5 21. Be3 g4 22. fxg4 Rxf1+ 23. Nxf1 hxg4 24. Be2 Nxe2+ 25. Qxe2 Qd7 26. Ng3 Re8 27. b3 a6 28. Rd1 b6 29. Nf1 Qf5 30. Bf2 Qg5 31. Qd2 Qf4 32. Be3 Qf7 33. Qe2 Bf5 34. Ng3 Bd7 35. c5 bxc5 36. Qxa6 Qg6 37. Qc4 Rb8 38. a3 Bb5 39. Qc1 Bd3 40. b4 c4 0-1

[Event "Lidkoping Open 2019"]
[Site "Lidkoping"]
[Date "2019.08.25"]
[Round "6.6"]
[White "Carlstrom, Niklas"]
[Black "Madebrink, Lars"]
[Result "1-0"]
[ECO "B01"]
[WhiteElo "2095"]
[BlackElo "2147"]
[Annotator "NA"]
[PlyCount "59"]
[EventDate "2019.08.19"]
[EventType "swiss"]
[EventCountry "SWE"]
[SourceTitle "playchess.com"]
[Source "ChessBase"]
[SourceQuality "1"]
[TimeControl "2700+10"]

1. e4 e6 2. d4 d5 3. exd5 Qxd5 4. Nf3 Nf6 5. Be2 Be7 6. O-O O-O 7. c4 Qd8 8. Nc3 c5 9. d5 exd5 10. cxd5 a6 11. a4 h6 12. Bf4 Bd6 13. Bxd6 Qxd6 14. a5 Bf5 15. Qb3 Qc7 16. Nd2 Nbd7 17. Nc4 Bg4 18. d6 Qc6 19. Bxg4 Nxg4 20. Rad1 Ngf6 21. Ne3 Rad8 22. Nf5 c4 23. Ne7+ Kh8 24. Nxc6 cxb3 25. Nxd8 Rxd8 26. Rfe1 Kg8 27. Nd5 Ne8 28. Re3 Nc5 29. Rc3 Ne4 30. Rc8 1-0

[Event "Lidkoping Open 2019"]
[Site "Lidkoping"]
[Date "2019.08.25"]
[Round "6.7"]
[White "Ask, Josef"]
[Black "Johnson, Daniel"]
[Result "0-1"]
[ECO "A08"]
[WhiteElo "2136"]
[BlackElo "2201"]
[Annotator "ChessBase"]
[PlyCount "83"]
[EventDate "2019.08.19"]
[EventType "swiss"]
[EventCountry "SWE"]
[SourceTitle "playchess.com"]
[Source "ChessBase"]
[SourceQuality "1"]
[TimeControl "2700+10"]

1. e4 c5 2. d3 g6 3. g3 Bg7 4. Bg2 Nc6 5. Nf3 e6 6. O-O Nge7 7. Re1 d5 8. Nbd2 O-O 9. c3 b5 10. a3 Qb6 11. Nb3 a5 12. Be3 d4 13. cxd4 cxd4 14. Bd2 a4 15. Nc1 e5 16. Rf1 f6 17. Nh4 Be6 18. f4 Bf7 19. Nf3 h6 20. h4 Rac8 21. Bh3 Rc7 22. Qe1 Rb7 23. Kh1 Re8 24. Qf2 Rf8 25. Nh2 Kh7 26. Ng4 Be8 27. Qg2 Bd7 28. Na2 Qd8 29. Nb4 Qc8 30. Nf2 Bxh3 31. Nxh3 Kg8 32. Rac1 Qd7 33. Kh2 Nxb4 34. Bxb4 Rc8 35. Rxc8+ Qxc8 36. Qf3 Nc6 37. Bd2 Qd7 38. Nf2 Rb8 39. Ng4 Rf8 40. Rc1 g5 41. hxg5 hxg5 42. f5 0-1

[Event "Lidkoping Open 2019"]
[Site "Lidkoping"]
[Date "2019.08.25"]
[Round "6.8"]
[White "Johansson, Stefan"]
[Black "Friberg, Hans"]
[Result "0-1"]
[ECO "A23"]
[WhiteElo "2016"]
[BlackElo "2129"]
[Annotator "NA"]
[PlyCount "40"]
[EventDate "2019.08.19"]
[EventType "swiss"]
[EventCountry "SWE"]
[SourceTitle "playchess.com"]
[Source "ChessBase"]
[SourceQuality "1"]
[TimeControl "2700+10"]

1. c4 e5 2. Nc3 Nf6 3. g3 c6 4. d4 exd4 5. Qxd4 d5 6. Bg5 Be7 7. cxd5 cxd5 8. Bg2 Nc6 9. Qd2 d4 10. Bxf6 Bxf6 11. Ne4 Be7 12. Qc2 Nb4 13. Qa4+ Bd7 14. Qb3 Rc8 15. Rd1 a5 16. Kf1 a4 17. Qf3 Nxa2 18. Bh3 O-O 19. Kg2 f5 20. Qh5 g6 0-1

[Event "Lidkoping Open 2019"]
[Site "Lidkoping"]
[Date "2019.08.25"]
[Round "6.9"]
[White "Andersen, Dag"]
[Black "Mardell, Jonas"]
[Result "0-1"]
[ECO "D41"]
[WhiteElo "1873"]
[BlackElo "2059"]
[Annotator "NA"]
[PlyCount "110"]
[EventDate "2019.08.19"]
[EventType "swiss"]
[EventCountry "SWE"]
[SourceTitle "playchess.com"]
[Source "ChessBase"]
[SourceQuality "1"]
[TimeControl "2700+10"]

1. d4 d5 2. c4 e6 3. Nc3 Nf6 4. cxd5 Nxd5 5. e4 Nxc3 6. bxc3 c5 7. Nf3 Qa5 8. Bd2 cxd4 9. cxd4 Bb4 10. Be2 Nc6 11. Bxb4 Qxb4+ 12. Qd2 O-O 13. Qxb4 Nxb4 14. O-O Rd8 15. Rfd1 Bd7 16. a3 Nc6 17. h3 a6 18. Rab1 b5 19. d5 exd5 20. Rxd5 Be6 21. Rc5 Nd4 22. Nxd4 Rxd4 23. Bf3 Rad8 24. Rbc1 g6 25. Rc6 Ra4 26. R6c3 Rd2 27. Re3 Ra2 28. Rcc3 Ra1+ 29. Kh2 a5 30. Be2 b4 31. axb4 axb4 32. Rcd3 b3 33. Rd8+ Kg7 34. Rb8 R4a2 35. Bg4 Bc4 36. Rc3 Rc2 37. Rcxb3 Bxb3 38. Rxb3 Rxf2 39. Bf3 Raa2 40. Kg3 h5 41. h4 Rfb2 42. Rc3 Ra7 43. Rc6 Rba2 44. Kf4 f6 45. Kg3 R2a6 46. Rc5 Kh6 47. Rc8 Ra8 48. Rc7 Re8 49. Rc5 g5 50. hxg5+ fxg5 51. e5 Rae6 52. Rc7 Rxe5 53. Bc6 Re3+ 54. Kh2 R8e7 55. Rc8 Rc3 0-1

[Event "Lidkoping Open 2019"]
[Site "Lidkoping"]
[Date "2019.08.25"]
[Round "6.10"]
[White "Winsnes, Rikard"]
[Black "Strom-Engdahl, Alexander"]
[Result "1-0"]
[ECO "C43"]
[WhiteElo "2375"]
[BlackElo "1858"]
[Annotator "ChessBase"]
[PlyCount "61"]
[EventDate "2019.08.19"]
[EventType "swiss"]
[EventCountry "SWE"]
[SourceTitle "playchess.com"]
[Source "ChessBase"]
[SourceQuality "1"]
[TimeControl "2700+10"]

1. e4 e5 2. Nf3 Nf6 3. d4 Nxe4 4. Bd3 d5 5. Nxe5 Bd6 6. O-O O-O 7. c4 c6 8. Qc2 Nd7 9. Bxe4 Nxe5 10. dxe5 Bxe5 11. Bxh7+ Kh8 12. Bf5 Bxf5 13. Qxf5 Qd6 14. Qh3+ Kg8 15. Nd2 Qf6 16. Rb1 Rfe8 17. cxd5 cxd5 18. Nf3 Qg6 19. Be3 Bf6 20. Rbd1 Rad8 21. Bd4 Bxd4 22. Rxd4 Re4 23. Rfd1 Rxd4 24. Nxd4 Re8 25. Qf3 Re4 26. h3 Qb6 27. Qc3 Rf4 28. Nf3 Rb4 29. Qc8+ Kh7 30. Rxd5 g6 31. Qf8 1-0

[Event "Lidkoping Open 2019"]
[Site "Lidkoping"]
[Date "2019.08.25"]
[Round "6.11"]
[White "Lind, Jan-Olov"]
[Black "Nyberg, Arne"]
[Result "1/2-1/2"]
[ECO "C07"]
[WhiteElo "2164"]
[BlackElo "1967"]
[Annotator "ChessBase"]
[PlyCount "150"]
[EventDate "2019.08.19"]
[EventType "swiss"]
[EventCountry "SWE"]
[SourceTitle "playchess.com"]
[Source "ChessBase"]
[SourceQuality "1"]
[TimeControl "2700+10"]

1. e4 e6 2. Nf3 d5 3. Nc3 c5 4. d4 dxe4 5. Nxe4 cxd4 6. Nxd4 a6 7. Bd3 Bd7 8. O-O Nc6 9. Nxc6 Bxc6 10. Qe2 Be7 11. Bf4 Nf6 12. Rad1 Nxe4 13. Bxe4 Qb6 14. Bxc6+ Qxc6 15. Rd3 O-O 16. Be5 g6 17. Bc3 Rad8 18. Rh3 Qd5 19. b3 Rd7 20. Ba1 Qf5 21. Rf3 Qc5 22. Rd1 Rxd1+ 23. Qxd1 Rd8 24. Rd3 Rxd3 25. cxd3 f6 26. Bb2 e5 27. h4 Kf7 28. Qe2 Bd6 29. g3 Bc7 30. Qe4 b5 31. d4 exd4 32. Bxd4 Qd6 33. Qe3 Kg7 34. Bc5 Qd1+ 35. Kg2 Qd5+ 36. Kh2 Bd6 37. Bxd6 Qxd6 38. Qa7+ Kh6 39. Qf7 Qb6 40. Kh3 f5 41. Qf8+ Kh5 42. Qf7 h6 43. f3 Qg1 44. g4+ fxg4+ 45. fxg4+ Qxg4+ 46. Kh2 Qxh4+ 47. Kg2 Qg5+ 48. Kh2 Qh4+ 49. Kg2 Qe4+ 50. Kg3 Qe5+ 51. Kg2 Qe4+ 52. Kg3 Qe1+ 53. Kg2 Qe2+ 54. Kg3 Qg4+ 55. Kh2 Qf5 56. Qe8 Qf4+ 57. Kh3 Qf5+ 58. Kg3 Qd3+ 59. Kg2 Qd5+ 60. Kg3 Qd6+ 61. Kh3 Qd3+ 62. Kg2 Qc2+ 63. Kg3 Qf5 64. Qc6 Qg5+ 65. Kh3 Qg4+ 66. Kh2 Kh4 67. Qxa6 Qg3+ 68. Kh1 h5 69. Qxb5 Qf3+ 70. Kg1 g5 71. a4 g4 72. Qe5 Qd1+ 73. Kg2 Qf3+ 74. Kg1 Qd1+ 75. Kg2 Qf3+ {[%emt 0:03:42] Qe2} 1/2-1/2

[Event "Lidkoping Open 2019"]
[Site "Lidkoping"]
[Date "2019.08.25"]
[Round "6.12"]
[White "Magnussen, Pal"]
[Black "Bergre, Joachim"]
[Result "1/2-1/2"]
[ECO "B06"]
[WhiteElo "1983"]
[BlackElo "1928"]
[Annotator "NA"]
[PlyCount "42"]
[EventDate "2019.08.19"]
[EventType "swiss"]
[EventCountry "SWE"]
[SourceTitle "playchess.com"]
[Source "ChessBase"]
[SourceQuality "1"]
[TimeControl "2700+10"]

1. e4 d6 2. d4 g6 3. Nc3 Bg7 4. Nf3 a6 5. Be3 b5 6. a3 Nd7 7. Be2 Bb7 8. h3 Ngf6 9. e5 Nd5 10. Nxd5 Bxd5 11. exd6 cxd6 12. O-O O-O 13. Qd2 Nb6 14. Rfe1 Qd7 15. Bg5 Rfe8 16. Nh2 Nc4 17. Bxc4 Bxc4 18. Ng4 Bd5 19. Re2 Bc4 20. Ree1 Bd5 21. Re2 Bc4 1/2-1/2

[Event "Lidkoping Open 2019"]
[Site "Lidkoping"]
[Date "2019.08.25"]
[Round "6.13"]
[White "Blomstrom, Lars"]
[Black "Staunsbjerg, Valdemar A"]
[Result "1-0"]
[ECO "B26"]
[WhiteElo "2132"]
[BlackElo "1832"]
[Annotator "ChessBase"]
[PlyCount "132"]
[EventDate "2019.08.19"]
[EventType "swiss"]
[EventCountry "SWE"]
[SourceTitle "playchess.com"]
[Source "ChessBase"]
[SourceQuality "1"]
[TimeControl "2700+10"]

1. e4 c5 2. Nc3 Nc6 3. g3 g6 4. Bg2 Bg7 5. d3 Nf6 6. h3 d6 7. Be3 Rb8 8. Qd2 b5 9. f4 b4 10. Nd1 e5 11. Nf3 Nh5 12. Qf2 exf4 13. gxf4 O-O 14. O-O Re8 15. Nd2 Nd4 16. Nc4 Be6 17. c3 bxc3 18. Nxc3 Nb5 19. Nxb5 Rxb5 20. Rab1 Qd7 21. Kh2 Nf6 22. b3 Rbb8 23. Rbd1 Bxc4 24. bxc4 Qc7 25. Rb1 Nd7 26. Qc2 Rxb1 27. Rxb1 Rb8 28. Kg1 Rxb1+ 29. Qxb1 Qa5 30. Kf2 Nb6 31. Qb3 Qc3 32. Bf3 Bd4 33. Qxc3 Bxc3 34. Bd1 Kf8 35. e5 Ke7 36. Kf3 a5 37. exd6+ Kxd6 38. f5 Nd7 39. fxg6 fxg6 40. Bf4+ Be5 41. Bg5 Bc3 42. Ba4 Ne5+ 43. Ke4 Ke6 44. Be8 Bd4 45. Bd2 Ke7 46. Bb5 h5 47. Bxa5 g5 48. Be1 g4 49. hxg4 hxg4 50. a4 Nf3 51. Bg3 Ke6 52. a5 Nd2+ 53. Kf4 Be5+ 54. Kxg4 Bxg3 55. Kxg3 Kd6 56. Kf4 Nb3 57. a6 Kc7 58. Ke4 Nc1 59. d4 cxd4 60. Kxd4 Ne2+ 61. Kd3 Nf4+ 62. Kc3 Ne6 63. Kb3 Kb6 64. Kb4 Nc5 65. a7 Nd3+ 66. Kb3 Nc5+ 1-0

[Event "Lidkoping Open 2019"]
[Site "Lidkoping"]
[Date "2019.08.25"]
[Round "6.14"]
[White "Muntean, Victor"]
[Black "Kleimark, Anders"]
[Result "0-1"]
[ECO "C92"]
[WhiteElo "2002"]
[BlackElo "2016"]
[Annotator "NA"]
[PlyCount "84"]
[EventDate "2019.08.19"]
[EventType "swiss"]
[EventCountry "SWE"]
[SourceTitle "playchess.com"]
[Source "ChessBase"]
[SourceQuality "1"]
[TimeControl "2700+10"]

1. e4 e5 2. Nf3 Nc6 3. Bc4 Nf6 4. d3 Be7 5. O-O O-O 6. Re1 d6 7. c3 Na5 8. Bb5 a6 9. Ba4 c5 10. h3 b5 11. Bc2 Bb7 12. Nbd2 Qc7 13. Nf1 c4 14. d4 Nc6 15. Ng3 g6 16. d5 Nb8 17. Nh4 Nxd5 18. Nhf5 Nf4 19. Qg4 h5 20. Qf3 h4 21. Nxe7+ Qxe7 22. Bxf4 exf4 23. Ne2 g5 24. Nd4 Qf6 25. Qh5 Qg6 26. Qxg6+ fxg6 27. e5 dxe5 28. Rxe5 Rf6 29. Rxg5 Kg7 30. Re1 Kh6 31. Rg4 g5 32. Re5 Bc8 33. Re7 Rg6 34. Bxg6 Kxg6 35. Re8 Bxg4 36. hxg4 Kf7 37. Rc8 Ke7 38. Rxb8 Rxb8 39. Nc6+ Kd6 40. Nxb8 a5 41. b4 axb4 42. Na6 b3 0-1